 Dungeon Crawl Stone Soup version 0.23-a0-389-g4a5eb33 (webtiles) character file.

728 Ghost621 the Shield-Bearer (level 7, -1/63 HPs)
             Began as a Minotaur Fighter on Oct 29, 2018.
             Was a Plaything of Xom.
             Slain by Nr616's ghost (12 damage)
             ... on level 4 of the Dungeon.
             The game lasted 00:08:39 (4949 turns).

Ghost621 the Shield-Bearer (Minotaur Fighter)       Turns: 4949, Time: 00:08:40

Health: -1/63      AC:  8    Str: 23    XL:     7   Next: 44%
Magic:  6/6        EV:  8    Int:  5    God:    Xom [.*....]
Gold:   193        SH: 11    Dex:  9    Spells: 6/6 levels left

rFire    . . .     SeeInvis .   q - +0 mace (crush)
rCold    . . .     Gourm    .   c - +0 shield
rNeg     . . .     Faith    .   b - +0 scale mail
rPois    .         Spirit   .   (helmet restricted)
rElec    .         Reflect  .   r - +0 cloak
rCorr    .         Harm     .   (no gloves)
MR       .....                  (no boots)
Stlth    +.........             (no amulet)
HPRegen  0.20/turn              m - ring of stealth
MPRegen  0.10/turn              (no ring)

@: cleaving
A: retaliatory headbutt, horns 2
a: Renounce Religion


You were on level 4 of the Dungeon.
You worshipped Xom.
You were a plaything of Xom.
You were not hungry.

You visited 1 branch of the dungeon, and saw 4 of its levels.

You collected 193 gold pieces.

Inventory:

Hand Weapons
 q - a +0 mace of crushing (weapon)
Missiles
 g - 2 throwing nets (quivered)
 k - 200 stones
Armour
 b - a +0 scale mail (worn)
 c - a +0 shield (worn)
 r - a +0 cloak (worn)
Jewellery
 m - a ring of stealth (left hand)
Wands
 p - a wand of polymorph (6)
Scrolls
 a - 2 scrolls of fog {unknown}
 d - 2 scrolls of teleportation {unknown}
 i - a scroll of remove curse {unknown}
 l - 2 scrolls of magic mapping
 n - 4 scrolls of identify
 t - a scroll of enchant armour {unknown}
 u - 2 scrolls of immolation {unknown}
 v - a scroll of fear {unknown}
Potions
 j - a potion of heal wounds {unknown}
 s - a potion of berserk rage {unknown}
Comestibles
 f - 2 rations


   Skills:
 + Level 6.1 Fighting
 - Level 2.4 Maces & Flails
 + Level 6.0 Armour
 * Level 7.9 Shields


You had 6 spell levels left.
You didn't know any spells.
Your spell library contained the following spells:

 Spells                   Type           Power        Failure   Level  Hunger
 Magic Dart               Conj           #...         97%         1    ##.....
 Blink                    Tloc           N/A          99%         2    ###....
 Call Imp                 Summ           #.......     99%         2    ###....
 Slow                     Hex            #.......     99%         2    ###....
 Conjure Flame            Conj/Fire      #.......     100%        3    ####...
 Mephitic Cloud           Conj/Pois/Air  #.......     100%        3    ####...


Dungeon Overview and Level Annotations

Branches:
Dungeon (4/15)
 Temple: D:4-7

Altars:
Elyvilon
Kikubaaqudgha
Makhleb
Okawaru
Xom

Annotations:
D:4 Nr616's ghost, novice HOFi; feelmyfire's ghost, amateur OpTm


Innate Abilities, Weirdness & Mutations

You reflexively headbutt those who attack you in melee.
You have a pair of horns on your head.


Message History

Nr616's ghost hits you but does no damage.
You barely miss Nr616's ghost.
You headbutt Nr616's ghost, but do no damage.
Nr616's ghost is heavily damaged.
You block Nr616's ghost's attack.
You barely miss Nr616's ghost. Your headbutt misses Nr616's ghost.
Nr616's ghost is heavily damaged.
Nr616's ghost hits you.
You hit Nr616's ghost.
Nr616's ghost is severely damaged.
Nr616's ghost hits you. Nr616's ghost hits you!
* * * LOW HITPOINT WARNING * * *
You sock Nr616's ghost! Your headbutt misses Nr616's ghost.
Nr616's ghost is almost destroyed.
You block Nr616's ghost's attack.
You closely miss Nr616's ghost.
Nr616's ghost is almost destroyed.
Nr616's ghost hits you!
You die...
Xom snickers!

###....#....)...5..........#+###8
#......#.........5.5...W...#+##..
#....###.......###........)...#..
+.......###....###...b..#WW...#⌠.
#.......# ##....##......#.....#..
#.......# #....##......#.....###
.......## #....######..#....5#..
...#...# #...W#######.##...5...
...#...# #....@....##..#...5.5#
...#...# ###.#####'###.#......#
...#...# #.##...........b....
##.##### #.##.......#.#......
##.###########.##.......#.#......
.............#.#####.####.#......
...###....##.#.#.....# #........
...#.+.........#.....# ##.#'####
...#.#....##.###.....# #.#.# #


You could see Nr616's ghost.

Vanquished Creatures
  2 ogres
  A bullfrog (D:3)
  A scorpion (D:4)
  Crazy Yiuf (D:2)
  2 orc priests
  2 jellies (D:2)
  An orc wizard (D:4)
  Terence (D:3)
  A worker ant (D:4)
  Robin (D:2)
  7 gnolls (D:4)
  3 adders
  A worm (D:3)
  A leopard gecko (D:4)
  12 orcs
  4 giant cockroaches
  16 goblins
  14 hobgoblins
  An iguana (D:2)
  15 jackals
  3 quokkas
  A ball python (D:1)
  3 bats
  8 frilled lizards
  7 kobolds
  A quokka skeleton (D:4)
  9 rats
119 creatures vanquished.

Vanquished Creatures (others)
  6 withered plants (D:4)
6 creatures vanquished.

Grand Total: 125 creatures vanquished

Notes
Turn   | Place    | Note
-------+----------+-------------------------------------------
     0 | D:1      | Ghost621 the Minotaur Fighter began the quest for the Orb.
     0 | D:1      | Reached XP level 1. HP: 19/19 MP: 0/0
     6 | D:1      | Noticed a wyvern
     6 | D:1      | Noticed a polar bear
     6 | D:1      | Noticed a killer bee
     6 | D:1      | Noticed a swamp worm
   235 | D:1      | Reached skill level 4 in Shields
   260 | D:1      | Reached XP level 2. HP: 27/27 MP: 1/1
   691 | D:2      | Reached XP level 3. HP: 27/33 MP: 2/2
   725 | D:2      | Noticed an ogre
   997 | D:2      | Killed an ogre
   997 | D:2      | Reached skill level 5 in Shields
   997 | D:2      | Reached XP level 4. HP: 11/41 MP: 3/3
  1380 | D:2      | Reached XP level 5. HP: 25/47 MP: 4/4
  1630 | D:2      | Found a shimmering altar of Xom.
  1825 | D:2      | Noticed Robin
  1855 | D:2      | Killed Robin
  1947 | D:2      | Reached skill level 6 in Shields
  1954 | D:2      | Reached skill level 5 in Armour
  1962 | D:2      | Reached skill level 5 in Fighting
  2046 | D:2      | Found a runed door.
  2180 | D:2      | Noticed Crazy Yiuf
  2184 | D:2      | Killed Crazy Yiuf
  2184 | D:2      | Reached XP level 6. HP: 56/56 MP: 5/5
  2252 | D:2      | Became a worshipper of Xom of Bone-Dry Humour
  2312 | D:3      | XOM: harmless Summ miscast
  2316 | D:3      | XOM: potion effect (agility)
  2320 | D:3      | XOM: potion effect (berserk rage)
  2691 | D:3      | XOM: mild Air miscast
  3057 | D:3      | Noticed Terence
  3059 | D:3      | XOM: mild Fire miscast
  3065 | D:3      | Killed Terence
  3065 | D:3      | Reached skill level 7 in Shields
  3086 | D:3      | XOM: cloud trail
  3182 | D:3      | Reached XP level 7. HP: 49/62 MP: 6/6
  3186 | D:3      | Found a white marble altar of Elyvilon.
  3555 | D:4      | Found a runed gate.
  3555 | D:4      | Found a runed gate.
  3555 | D:4      | Found a runed gate.
  3555 | D:4      | Noticed feelmyfire's ghost (amateur OpTm)
  3555 | D:4      | Noticed Nr616's ghost (novice HOFi)
  3585 | D:4      | Found an ancient bone altar of Kikubaaqudgha.
  3608 | D:4      | XOM: silly message
  3696 | D:4      | XOM is BORED!
  3696 | D:4      | XOM: medium Hex miscast
  3732 | D:4      | XOM: god gift: scroll labeled KUOWEC WOCI {god gift}
  3795 | D:4      | Found a burning altar of Makhleb.
  4201 | D:4      | XOM: harmless Conj miscast
  4284 | D:4      | XOM: harmless Erth miscast
  4341 | D:4      | Found an iron altar of Okawaru.
  4419 | D:4      | XOM: mild Tmut miscast
  4640 | D:4      | XOM: summons 5 friendly demons
  4646 | D:4      | XOM: cast spell 'Summon Butterflies'
  4653 | D:4      | XOM: destruction
  4937 | D:4      | XOM: cleaving
  4949 | D:4      | Slain by Nr616's ghost

Vault maps used:
D:1:      onia_arrival_zoo_common
D:2:      dk_xom_monty_hall, uniq_crazy_yiuf_cottage, uniq_robin
D:3:      elyvilon_altar_3, first_ration, uniq_terence
D:4:      old_standard_altar, okawaru_ov_weapons_minmay, old_standard_altar,
          gammafunk_ghost_cemetery, serial_bayou_pond_c

Skill      XL: |  1  2  3  4  5  6  7 |
---------------+----------------------+-----
Shields        | 4 5 6 7 |  7.9
Fighting       | 4 5 6 |  6.1
Armour         | 4 5 6 |  6.0
Maces & Flails | |  2.4

Action                   |  1- 3 |  4- 6 |  7- 9 || total
-------------------------+-------+-------+-------++-------
Melee: Flail             |    69 |    62 |       ||   131
       Headbutt          |     9 |    21 |    13 ||    43
       Mace              |       |    80 |    99 ||   179
  Use: Potion            |     1 |       |     3 ||     4
       Scroll            |       |       |     2 ||     2
  Eat: Ration            |       |     3 |     1 ||     4
       Chunk             |       |       |     1 ||     1
Armor: Scale mail        |    32 |    69 |    33 ||   134
Dodge: Dodged            |    21 |    47 |    31 ||    99
Block: Shield            |    29 |    82 |    55 ||   166

Table legend:
 A = Non-vault XP
 B = Vault XP
 C = Vault XP percentage of total XP
 D = Non-vault monster count
 E = Vault monster count
 F = Vault count percentage of total count
                 A         B        C        D         E       F
            +---------+---------+-------+---------+---------+-------
      Total |     842 |     198 |  19.0 |     101 |      18 |  15.1
            +---------+---------+-------+---------+---------+-------
        D:1 |      37 |       0 |   0.0 |      25 |       0 |   0.0
        D:2 |     202 |     162 |  44.5 |      23 |      17 |  42.5
        D:3 |     323 |      36 |  10.0 |      31 |       1 |   3.1
        D:4 |     280 |       0 |   0.0 |      22 |       0 |   0.0
            +---------+---------+-------+---------+---------+-------
